AoeStats
← GoldPhantom

Pilgrims

507472117Analyzed
3v3 RM · 16d ago on Sep 18, 2026· 45m 51s· 6 players
Game mode
Random Map
Map size
Normal (6 player)
Population
200
Speed
Normal
Resources
Standard
Victory
Conquest
Starting age
Dark Age
Ending age
Imperial Age
RankedLock teamsTeams togetherTeam positionsShared explorationLock speedFull tech treeHidden civsTurbo modeCheats
Victory
Defeat
🇦🇷 Koreans · Argentina
978
+37
🇨🇳 Franks · China
968
+17
🇹🇷 Slavs · Türkiye
964
+17
🇲🇽 Mongols · Mexico
1027
-18
🇨🇿 Koreans · Czechia
1015
-18
🇭🇰 Saracens · Hong Kong SAR China
914
-14
aaa916_
10:28 Feudal Age
16:08 Castle Age
14:11 Double-Bit Axe
15:01 Gold Mining
16:35 Loom
17:44 Husbandry
24:36 Scale Barding Armor
24:42 Forging
26:02 Wheelbarrow
26:46 Town Watch
28:31 Hand Cart
28:17 Town Patrol
31:03 Gold Shaft Mining
30:20 Stone Mining
30:54 Chain Barding Armor
30:55 Bow Saw
34:20 Imperial Age
34:43 Iron Casting
35:09 Chivalry
34:31 Cavalier
35:48 Plate Barding Armor
36:27 Blast Furnace
37:15 Scale Mail Armor
38:34 Squires
38:20 Arson
39:15 Hoardings
39:54 Paladin
41:15 Chain Mail Armor
41:45 Conscription
Piescor
4:58 Loom
5:18 Loom
11:58 Feudal Age
12:20 Horse Collar
12:27 Double-Bit Axe
19:18 Castle Age
19:31 Fletching
19:47 Scale Barding Armor
20:51 Heavy Plow
21:04 Bow Saw
27:50 Gold Mining
29:56 Wheelbarrow
29:08 Town Watch
29:19 Stone Mining
30:03 Detinets
35:55 Imperial Age
33:46 Bodkin Arrow
34:24 Ballistics
34:54 Murder Holes
34:51 Elite Skirmisher
35:49 Husbandry
36:03 Bloodlines
37:02 Masonry
38:05 Forging
37:58 Padded Archer Armor
41:00 Conscription
41:24 Man-at-Arms
43:26 Squires
42:47 Long Swordsman
44:49 Leather Archer Armor
45:12 Iron Casting
44:57 Chain Barding Armor
44:24 Two-Handed Swordsman
Taticool
6:46 Loom
11:48 Feudal Age
15:44 Fletching
30:38 Castle Age
29:39 Horse Collar
30:24 Town Watch
31:27 Bodkin Arrow
32:03 Crossbowman
sinaimontesinos82
5:20 Loom
12:27 Feudal Age
12:35 Man-at-Arms
13:02 Arson
14:53 Scale Mail Armor
15:44 Forging
17:50 Fishing Lines
20:43 Double-Bit Axe
26:04 Castle Age
25:04 Stone Mining
27:32 Iron Casting
28:43 Gillnets
29:41 Nomads
29:54 Fletching
31:03 Town Watch
34:07 Town Patrol
34:41 Bodkin Arrow
35:54 Padded Archer Armor
37:31 Ballistics
37:28 Bow Saw
37:45 Scale Barding Armor
40:25 Gold Mining
44:42 Gold Shaft Mining
Jampud
12:33 Feudal Age
10:52 Loom
13:01 Fishing Lines
13:09 Double-Bit Axe
16:58 Wheelbarrow
21:38 Fletching
24:47 Castle Age
24:47 Stone Mining
24:50 Gold Mining
25:50 Bodkin Arrow
25:23 Crossbowman
26:21 Bow Saw
26:27 Hand Cart
25:58 Town Watch
28:34 Thumb Ring
29:25 Murder Holes
29:51 Ballistics
31:06 Eupseong
31:47 Masonry
33:40 Squires
33:26 Arson
35:46 Horse Collar
40:22 Imperial Age
40:29 Imperial Age
38:05 Scale Mail Armor
38:15 Forging
38:24 Gambesons
38:29 Treadmill Crane
41:15 Chain Mail Armor
41:35 Iron Casting
40:42 Capped Ram
42:19 Conscription
43:16 Plate Mail Armor
42:50 Heavy Plow
43:53 Two-Man Saw
45:48 Chemistry
45:35 Bracer
46:28 Architecture
GoldPhantom
4:12 Loom
13:32 Feudal Age
14:24 Double-Bit Axe
19:01 Fletching
19:27 Padded Archer Armor
21:01 Fishing Lines
23:45 Castle Age
23:52 Crossbowman
24:30 Bodkin Arrow
25:14 Wheelbarrow
24:35 Town Watch
30:57 Bow Saw
31:03 Forging
31:00 Scale Barding Armor
31:53 Gillnets
32:47 Bloodlines
33:41 Husbandry
34:41 Horse Collar
38:23 Hand Cart
39:21 Heavy Plow
44:44 Imperial Age
45:59 Iron Casting
46:07 Ballistics
45:31 Elite Mameluke
Connection lost

Rejoining the realm…

Still unreachable

The connection could not be restored.

Session expired

The server has moved on; the page needs a fresh start.